 Dungeon Crawl Stone Soup version 0.31-a0-968-g24f9ace8b5 (webtiles) character file.

Game seed: 5059416634153659816

107 lunkers the Insei (level 5, -1/39 (40) HPs)
             Began as a Meteoran Shapeshifter on Oct 27, 2023.
             Slain by an adder (2 damage)
             ... on level 3 of the Dungeon.
             The game lasted 00:02:02 (974 turns).

lunkers the Insei (Meteoran Shapeshifter)            Turns: 974, Time: 00:02:02

HP:   -1/39 (40)    AC: 10    Str: 15    XL:     5   Next: 33%
MP:   6/6           EV:  4    Int: 11    God:
Gold: 102           SH:  0    Dex: 16    Spells: 4/4 levels left

rFire   . .          .
                       - Unarmed
rCold   . . .        (no shield)
rNeg    . . .        i - +0 plate armour
rPois   .            (helmet currently unavailable)
rElec   .            (cloak currently unavailable)
rCorr   .            (gloves currently unavailable)
SInv    .            (boots currently unavailable)
Will    .....        (no amulet) Stlth
                     (no ring)
HPRegen 0.26/turn    (no ring)
MPRegen 0.10/turn

%: no passive effects
@: lethally poisoned (-1 -> -4), beast-form, glowing, lightly drained
A: beast (slay +2), sense surroundings 1, otherworldly, glowing, explore regen
a: Begin Untransformation


You were on level 3 of the Dungeon.
You were a hulking beast.
You visited 1 branch of the dungeon, and saw 3 of its levels.

You collected 102 gold pieces.

Inventory:

Armour
 a - a +0 animal skin
 i - a +0 plate armour (worn)
 s - a +1 cloak
Talismans
 c - a beast talisman
 d - a flux talisman
Scrolls
 f - 2 scrolls of revelation {unknown}
 h - a scroll of summoning {unknown}
 j - a scroll of torment {unknown}
 k - 3 scrolls of enchant armour {unknown}
 l - a scroll of amnesia {unknown}
 q - a scroll of enchant weapon {unknown}
Potions
 b - a potion of lignification
 e - a potion of brilliance {unknown}
 g - a potion of degeneration {unknown}
 m - a potion of resistance {unknown}
 n - a potion of ambrosia {unknown}
 o - a potion of curing {unknown}
 p - a potion of haste {unknown}
 r - a potion of might {unknown}


   Skills:
 - Level 1.1 Fighting
 - Level 2.1 Dodging
 * Level 5.7 Unarmed Combat
 + Level 4.6 Shapeshifting


You had 4 spell levels left.
You didn't know any spells.
Your spell library contained the following spells:

 Spells                   Type           Power      Damage    Failure   Level
 Blink                    Tloc           0%         N/A       100%        2
 Lesser Beckoning         Tloc           0%         N/A       100%        2
 Momentum Strike          Conj/Tloc      0%         3d8       100%        2


Dungeon Overview and Level Annotations

Branches:
Dungeon (3/15) Zot: 836

Altars:


Innate Abilities, Weirdness & Mutations

You are a hulking beast.
Your limbs bulge with bestial killing power. (Slay +2)
You passively map a small area around you.
You are easily found by Zot.
You glow in the dark.
You regain HP and MP as you explore.


Message History

* * * LOW HITPOINT WARNING * * *
You hit the dart slug.
You kill the dart slug!
The orc hits you but does no damage.
You punch the orc!
You kill the orc!
You barely miss something. The orc barely misses you.
Something hits you but does no damage.
You punch the adder! Your punch misses the adder.
The adder is heavily wounded.
The adder barely misses you. The adder bites you but does no damage.
You hit the adder.
The adder is severely wounded.
The orc hits you with a +0 short sword.
* * * LOW HITPOINT WARNING * * *
Something completely misses you. The adder bites you but does no damage.
You hit the adder.
The adder is almost dead.
The orc priest mumbles some strange prayers to Beogh against you.
Beogh smites you!
* * * LOW HITPOINT WARNING * * *
The orc hits you but does no damage. Something completely misses you.
The adder bites you.
* * * LOW HITPOINT WARNING * * *
You are lethally poisoned!
The adder poisons you!
An adder comes into view.
You miss the adder.
The adder is almost dead.
* * * LOW HITPOINT WARNING * * *
You feel sick.
The adder hisses angrily.
The orc hits you with a +0 short sword.
* * * LOW HITPOINT WARNING * * *
Something completely misses you. The adder barely misses you.
You miss the adder.
The adder is almost dead.
* * * LOW HITPOINT WARNING * * *
You feel sick. The adder bites you.
You die...

, #..# , , #..# , , ,
###..# .#, .....# * #.
*.#...### , #
.###.,.o..$ *#?.,*
#...#*#So# ,, #.#.
#.#.###h{#####, ,
#...###...##.......# *
. ...........S...###.#
............###### ,
..............### ** *
,,
.........<.##...#######
*
......#...#####........
,
......###......######..
, #........)###### **


You could see an orc priest, 2 adders and an orc.

Vanquished Creatures
  Crazy Yiuf (D:3)
  4 adders (D:2)
  3 dart slugs
  An orc (D:3)
  3 bats
  An endoplasm (D:2)
  3 giant cockroaches
  3 goblins
  4 hobgoblins
  2 jackals (D:1)
  3 kobolds
  A quokka (D:1)
  2 ball pythons (D:1)
  A frilled lizard (D:2)
  3 rats (D:2)
35 creatures vanquished.

Notes
Turn   | Place    | Note
-------+----------+-------------------------------------------
     0 | D:1      | lunkers the Meteoran Shapeshifter began the quest for the
                  | Orb.
     0 | D:1      | Reached XP level 1. HP: 16/16 MP: 2/2
   118 | D:1      | Reached skill level 4 in Unarmed Combat
   118 | D:1      | Reached XP level 2. HP: 23/23 MP: 3/3
   318 | D:2      | Reached XP level 3. HP: 28/28 MP: 4/4
   455 | D:2      | Reached XP level 4. HP: 34/35 MP: 5/5
   472 | D:2      | Reached skill level 5 in Unarmed Combat
   913 | D:3      | Found a runed translucent door.
   914 | D:3      | Identified the +7 hammer of Bodily Harmony {drain, rPois
                  | rC+++ Will- Str-5}
   914 | D:3      | Noticed Crazy Yiuf
   922 | D:3      | Killed Crazy Yiuf
   923 | D:3      | Reached XP level 5. HP: 7/39 MP: 6/6
   974 | D:3      | HP: 1/39 [poisoned by an adder]
   974 | D:3      | Slain by an adder

Illustrated notes

Levels and vault maps discovered:
D:1:      dpeg_arrival_round_b, layout_loops_ring,
          hellmonk_ecumenical_altar_crossroads, wad_floor_pattern_2,
          lemuel_flame_loot_1
D:2:      layout_loops_corners, kennysheep_generic_room_7
D:3:      layout_rooms, minmay_starry_boxes, uniq_crazy_yiuf_cottage,
          uniq_natasha, uniq_robin

Skill      XL: |  1  2  3  4 |
---------------+-------------+-----
Unarmed Combat | 4 5 |  5.7
Shapeshifting  | 4 |  4.6
Fighting       | |  1.1
Dodging        | |  2.1

Action                     |  1- 3 |  4- 6 || total
---------------------------+-------+-------++-------
  Melee: Unarmed           |    73 |    54 ||   127
         Punch             |       |     3 ||     3
 Armour: Animal skin       |    27 |       ||    27
         Plate armour      |    31 |    51 ||    82
  Dodge: Dodged            |    35 |    15 ||    50

Table legend: (Time is in decaauts)
 A = Elapsed time spent in this place.
 B = Non-inter-level travel time spent in this place.
 C = Inter-level travel time spent in this place.
 D = Time resting spent in this place.
 E = Time spent auto-exploring this place.
 F = Levels seen in this place.
 G = Mean time per level.
                   A        B        C        D        E       F      G
               +--------+--------+--------+--------+--------+-----+--------+
         Total |    962 |    955 |      7 |      0 |    687 |   3 |  320.7 |
       Dungeon |    962 |    955 |      7 |      0 |    687 |   3 |  320.7 |
               +--------+--------+--------+--------+--------+-----+--------+

Top non-repeatable levels by time:
     D:2: 526 daAuts
     D:1: 310 daAuts
     D:3: 125 daAuts
